 Dungeon Sprint DCSS version 0.30-a0-4-ga7cffc901d (webtiles) character file.

Game seed: 8621548649481926893

1582 Conn the Arsonist (level 8, -11/48 HPs)
             Began as an Octopode Fire Elementalist on Aug 21, 2022.
             Was a Believer of Sif Muna.
             Mangled by a polar bear (18 damage)
             ... in the Dungeon (Sprint II: "The Violet Keep of Menkaure").
             The game lasted 00:12:20 (321 turns).

Conn the Arsonist (Octopode Fire Elementalist)       Turns: 321, Time: 00:12:21

Health: -11/48     AC:  1    Str: 14    XL:     8   Next: 91%
Magic:  4/29       EV: 15    Int: 20    God:    Sif Muna [**....]
Gold:   31         SH:  0    Dex: 12    Spells: 10/23 levels left

rFire   . . .      SeeInvis .    c - +7 shortbow of the Unseen Realm {venom, rN+ rCorr Str+7}
rCold   . . .      Faith    .    (shield currently unavailable)
rNeg    + . .      Spirit   .    (helmet restricted)
rPois   .          Reflect  .    (no amulet)
rElec   .          Harm     .    d - ring of magical power
rCorr   +          Rampage  .    (no ring)
Will    .....      NoTele   +    (no ring)
Stlth   ++++......               (no ring)
HPRegen 0.16/turn                (no ring)
MPRegen 0.21/turn                (no ring)
                                 (no ring)
                                 (no ring)

@: no status effects
A: almost no armour, amphibious, 8 rings, camouflage 1, gelatinous body 1,
(nimble swimmer 1), tentacles
a: Renounce Religion, Channel Magic


You were in the Dungeon.
You worshipped Sif Muna.
Sif Muna was pleased with you.
You visited 1 branch You collected 729 gold pieces.
You spent 698 gold pieces at shops.

Inventory:

Hand Weapons
 c - the +7 shortbow of the Unseen Realm (weapon) {venom, rN+ rCorr Str+7}
   (You bought it in a shop in the Dungeon)

   Any ammunition fired from it poisons the flesh of those it strikes.
   Str:       It affects your strength (+7).
   rN:        It protects you from negative energy.
   rCorr:     It protects you from acid and corrosion.
Jewellery
 d - a ring of magical power (left tentacle)
Scrolls
 g - a scroll of immolation
Potions
 a - 2 potions of magic
 b - 3 potions of curing
 e - 2 potions of lignification


   Skills:
 + Level 1.0 Fighting
 * Level 3.2 Ranged Weapons
 + Level 6.2 Dodging
 + Level 7.0 Stealth
 - Level 1.5 Unarmed Combat
 + Level 8.2 Spellcasting
 * Level 7.0 Conjurations
 + Level 0.8 Hexes
 + Level 12.8 Fire Magic
 * Level 5.2 Invocations


You had 10 spell levels left.
You knew the following spells:

 Your Spells              Type           Power      Damage    Failure   Level
a - Foxfire               Conj/Fire      100%       2x1d9     1%          1
b - Conjure Flame         Conj/Fire      47%        6-21      1%          3
c - Inner Flame           Hex/Fire       35%        N/A       1%          3
d - Flame Wave            Conj/Fire      47%        2d12      1%          4
e - Scorch                Fire           100%       2d10      1%          2

Your spell library contained the following spells:

 Spells                   Type           Power      Damage    Failure   Level


Dungeon Overview and Level Annotations

Branches:
Dungeon (1/1)

Altars:
Cheibriados
Dithmenos
Elyvilon
Fedhas
Gozag
Hepliaklqana
Kikubaaqudgha
Makhleb
Nemelex Xobeh
Okawaru
Qazlal
Ru
Sif Muna
Trog
Uskayaw
Vehumet
Wu Jian
Xom
Yredelemnul
Zin
The Shining One
Jiyva
Lugonu

Shops:
D ?[:=(!:=[=?!:(!

Annotations:
D exclusion: oklob plant, Roxanne


Innate Abilities, Weirdness & Mutations

You cannot wear most types of armour.
You are amphibious.
You can wear up to eight rings at the same time.
Your skin changes colour to match your surroundings (Stealth+).
Your rubbery body absorbs attacks. (AC +1, EV +1)
((You are camouflaged when in or above water. (Stealth+)))
You have tentacles for arms and can constrict up to eight enemies at once.


Message History

Press: ? - help, v - describe, . - travel The floor.
Unknown command.
Press: ? - help, v - describe, . - travel
Here: a yaktaur, wielding a +0 arbalest (moderately wounded)
The floor.
Unknown command.
Unknown command.
Okay, then.
Okay, then.
Casting: Inner Flame (safe; 1% risk of failure)
Confirm with . or Enter, or press ? or * to list all spells.
Okay, then.
Fire: c) +7 shortbow of the Unseen Realm {venom, rN+ rCorr Str+7}
Press: ? - help, Q - select action, (/) - cycle Shift-Dir - straight line, f - yaktaur, p - polar bear
Aim: a yaktaur, wielding a +0 arbalest (moderately wounded, 85% to hit)
Okay, then.
Unknown command.
Unknown command.
The polar bear is engulfed in blazing flames.
Flame seeps out of the polar bear.
The polar bear is engulfed in blazing flames.
Flame seeps out of the polar bear.
Okay, then.
Casting: Inner Flame (safe; 1% risk of failure)
Confirm with . or Enter, or press ? or * to list all spells.
Okay, then.
Casting: Inner Flame (safe; 1% risk of failure)
Confirm with . or Enter, or press ? or * to list all spells.
Aiming: Inner Flame (safe; 1% risk of failure)
Press: ? - help, Dir - move target, f - yaktaur, p - polar bear
Aim: a yaktaur, wielding a +0 arbalest (lightly wounded, chance to affect: 75%)
The yaktaur struggles to resist.
The polar bear is engulfed in blazing flames.
Flame seeps out of the polar bear.
Okay, then.
Okay, then.
The polar bear attacks as you move away!
The polar bear bites you!!
You die...

##......~~§~~~~~~~~~
#~~.....~#'########+###
~~~~~~..~#§.§§§§§§#~~~##
~~~~§~~.~#§c§§§§§§#§~≈≈#
~≈≈≈~~~~~#§§☼○○§§§#§§~~≈
~~§§≈≈§~~#§§§§§§§§#§~§≈≈
§§§≈≈≈≈§~#§§°§☼_§§#§~§~§
#≈§≈###≈≈#§§§§§h.§#§~§§≈
#≈≈#§§§§§§@§#S~≈≈§ .+
#≈≈#§§§§§§.§#S≈≈≈▓ ##
§≈≈≈##########~≈≈§▓ #
#####~~~~~~~~~≈≈≈≈▓
≈§###~########≈▓▓▓▓ # ▓▓


You could see a polar bear (inner flame), a yaktaur and 2 water moccasins.

Vanquished Creatures
  2 polar bears (D)
  A hornet (D)
  2 wyverns (D)
  Menkaure (D)
  A water moccasin (D)
  4 necrophages (D)
  4 scorpions (D)
15 creatures vanquished.

Vanquished Creatures (others)
  18 foxfires (D)
18 creatures vanquished.

Grand Total: 33 creatures vanquished

Notes
Turn   | Place    | Note
-------+----------+-------------------------------------------
     0 | D        | Conn the Octopode Fire Elementalist began the quest for the
                  | Orb.
     0 | D        | Reached XP level 1. HP: 11/11 MP: 3/3
     1 | D        | Noticed a boulder beetle
     1 | D        | Noticed a boulder beetle
     4 | D        | Noticed a scorpion
     4 | D        | Noticed a scorpion
     4 | D        | Noticed a scorpion
     4 | D        | Noticed a scorpion
     9 | D        | Killed a scorpion
    10 | D        | Reached skill level 6 in Fire Magic
    10 | D        | Reached XP level 2. HP: 16/17 MP: 4/6
    10 | D        | Reached XP level 3. HP: 20/21 MP: 4/7
    10 | D        | Reached XP level 4. HP: 25/27 MP: 5/9
    12 | D        | Killed a scorpion
    13 | D        | Reached skill level 1 in Unarmed Combat
    13 | D        | Reached skill level 7 in Fire Magic
    13 | D        | Reached XP level 5. HP: 30/31 MP: 5/11
    15 | D        | Reached skill level 5 in Stealth
    15 | D        | Reached skill level 8 in Fire Magic
    19 | D        | Reached skill level 5 in Spellcasting
    19 | D        | Reached skill level 9 in Fire Magic
    19 | D        | Reached XP level 6. HP: 30/36 MP: 5/13
    32 | D        | Learned a level 2 spell: Scorch
    36 | D        | Learned a level 3 spell: Conjure Flame
    40 | D        | Learned a level 3 spell: Inner Flame
    45 | D        | Learned a level 4 spell: Flame Wave
    52 | D        | Noticed Menkaure
    55 | D        | Killed Menkaure
    56 | D        | Reached skill level 5 in Dodging
    56 | D        | Reached skill level 10 in Fire Magic
    61 | D        | Noticed a water moccasin
    63 | D        | Found a glowing golden altar of the Shining One.
    63 | D        | Found an ornate altar of the Wu Jian Council.
    65 | D        | Killed a water moccasin
    67 | D        | Found a shimmering altar of Xom.
    67 | D        | Found a sacrificial altar of Ru.
    68 | D        | Found a basalt altar of Yredelemnul.
    68 | D        | Found a shimmering blue altar of Sif Muna.
    69 | D        | Found a glowing silver altar of Zin.
    69 | D        | Found a bloodstained altar of Trog.
    69 | D        | Found an ancient bone altar of Kikubaaqudgha.
    69 | D        | Found a stormy altar of Qazlal.
    69 | D        | Found a viscous altar of Jiyva.
    70 | D        | Found a hide-covered altar of Uskayaw.
    70 | D        | Found a corrupted altar of Lugonu.
    70 | D        | Found a shadowy altar of Dithmenos.
    71 | D        | Found a radiant altar of Vehumet.
    71 | D        | Found a burning altar of Makhleb.
    71 | D        | Found a white marble altar of Elyvilon.
    72 | D        | Found a sparkling altar of Nemelex Xobeh.
    72 | D        | Found a blossoming altar of Fedhas.
    74 | D        | Found an iron altar of Okawaru.
    74 | D        | Found an opulent altar of Gozag.
    74 | D        | Found a hazy altar of Hepliaklqana.
    74 | D        | Found a snail-covered altar of Cheibriados.
    79 | D        | Became a worshipper of Sif Muna the Loreminder
    93 | D        | Noticed a wyvern
    93 | D        | Noticed a wyvern
    99 | D        | Killed a wyvern
   100 | D        | Reached skill level 11 in Fire Magic
   100 | D        | Reached XP level 7. HP: 33/41 MP: 1/16
   105 | D        | Killed a wyvern
   106 | D        | Reached skill level 5 in Conjurations
   122 | D        | Reached * piety under Sif Muna
   127 | D        | Reached skill level 12 in Fire Magic
   127 | D        | Reached XP level 8. HP: 32/47 MP: 2/18
   130 | D        | Reached ** piety under Sif Muna
   139 | D        | Identified Roxanne's Disquisition on Moulding
   139 | D        | Noticed Roxanne
   142 | D        | Found Jimaun's Distillery.
   143 | D        | Found Pilavo's Book Shoppe.
   144 | D        | Found Cegyug's Magic Scroll Emporium.
   145 | D        | Found Wecrar's Antique Armour Shoppe.
   146 | D        | Found Cutihuw's Jewellery Shoppe.
   146 | D        | Found Enucer's Jewellery Shoppe.
   146 | D        | Found Ebbe's Book Emporium.
   147 | D        | Found Edaos's Distillery.
   147 | D        | Found Zaocs's Distillery.
   147 | D        | Found Fyafi's Antique Weapon Emporium.
   148 | D        | Found Nyletirote's Weapon Shoppe.
   150 | D        | Found Zottoqahoh's Jewellery Emporium.
   150 | D        | Noticed an iron elemental
   150 | D        | Noticed an oklob plant
   151 | D        | Found Sudwiuni's Antique Armour Shoppe.
   151 | D        | Found Fyceqim's Magic Scroll Emporium.
   151 | D        | Found Qot Nim's Book Shoppe.
   153 | D        | Noticed a hell hog
   166 | D        | Noticed a hell hog
   172 | D        | Bought a brightly glowing shortbow for 184 gold pieces
   172 | D        | Identified the +7 shortbow of the Unseen Realm {venom, rN+
                  | rCorr Str+7} (You bought it in a shop in the Dungeon)
   176 | D        | Bought a ring of magical power for 240 gold pieces
   183 | D        | Bought a potion of lignification for 42 gold pieces
   183 | D        | Bought 2 potions of curing for 84 gold pieces
   188 | D        | Bought a potion of lignification for 36 gold pieces
   190 | D        | Bought a scroll of immolation for 56 gold pieces
   190 | D        | Bought a scroll of poison for 56 gold pieces
   300 | D        | Noticed a hornet
   300 | D        | Noticed a polar bear
   302 | D        | Noticed a yaktaur
   305 | D        | Noticed a polar bear
   305 | D        | Noticed a polar bear
   312 | D        | Killed a polar bear
   312 | D        | Killed a hornet
   317 | D        | Killed a polar bear
   318 | D        | Reached skill level 1 in Fighting
   318 | D        | Reached skill level 5 in Invocations
   321 | D        | Mangled by a polar bear

Illustrated notes

Levels and vault maps discovered:
D:        the_violet_keep_of_menkaure [sprint2_stairs_cluster_1,
          sprint2_shoproom, sprint2_temple, sprint2_basic_supplies,
          sprint2_obstacle_6, sprint2_obstacle_3, sprint2_obstacle_5,
          sprint2_obstacle_4, sprint2_obstacle_2, sprint2_timed_cluster_1,
          sprint2_smallroom_cluster_1, sprint2_smallroom_final_cluster_1,
          sprint2_transparent_cluster_1, sprint2_second_timed_cluster_1,
          sprint2_sniper_area_1, sprint2_heavy_combat_area_1,
          sprint2_mutation_trap_area_1, sprint2_forest_area_1,
          sprint2_light_combat_area_1, sprint2_behind_water_1,
          sprint2_near_end_vault_1]

Skill      XL: |  1  2  3  4  5  6  7  8 |
---------------+-------------------------+-----
Dodging        | 3 4 5 6 |  6.2
Stealth        | 4 5 6 7 |  7.0
Spellcasting   | 3 4 5 6 7 8 |  8.2
Fire Magic     | 6 7 9 11 12 | 12.8
Unarmed Combat | 1 |  1.5
Conjurations   | 2 4 5 7 |  7.0
Invocations    | 3 5 |  5.2
Ranged Weapons | 3 |  3.2
Fighting       | 1 |  1.0
Hexes          | |  0.8

Action                   |  1- 3 |  4- 6 |  7- 9 || total
-------------------------+-------+-------+-------++-------
Melee: Unarmed           |     3 |     9 |     3 ||    15
       Tentacles         |     1 |     3 |     2 ||     6
       Constrict         |     1 |     3 |     1 ||     5
       Punch             |       |     1 |       ||     1
 Cast: Scorch            |       |     6 |     7 ||    13
       Foxfire           |       |     3 |     8 ||    11
       Flame Wave        |       |       |     2 ||     2
       Inner Flame       |       |       |     4 ||     4
       Conjure Flame     |       |       |     1 ||     1
  Use: Potion            |     2 |       |     2 ||     4
       Scroll            |       |       |     2 ||     2
Dodge: Dodged            |     2 |     3 |     6 ||    11

Table legend: (Time is in decaauts)
 A = Elapsed time spent in this place.
 B = Non-inter-level travel time spent in this place.
 C = Inter-level travel time spent in this place.
 D = Time resting spent in this place.
 E = Time spent auto-exploring this place.
 F = Levels seen in this place.
 G = Mean time per level.
                   A        B        C        D        E       F      G
               +--------+--------+--------+--------+--------+-----+--------+
         Total |    312 |    312 |      0 |     72 |      0 |   1 |  312.0 |
       Dungeon |    312 |    312 |      0 |     72 |      0 |   1 |  312.0 |
               +--------+--------+--------+--------+--------+-----+--------+

Top non-repeatable levels by time:
       D: 312 daAuts
